Map: 세룰리안 폴 - 래더

Players

INnoVation - Winner!

  • Race: Terran Terran
  • League: Grandmaster
  • Spawn Location: 1:00

lllllllllll (sOs)

  • Race: Protoss Protoss
  • League: Master
  • Spawn Location: 7:00

Event: IEM Season 13 - Katowice Server Qualifiers America

VOD

Have the link to the VOD?

Description

Time

  • Played on: Jan. 6, 2019, 5:38 p.m.
  • Length: 7:00

All games in this series

Show
View Real Time Build Order
Export as new Build Order

INnoVation Terran - Winner!

Build Orders: Gas First Reaper Expand 

Get SALT Encoding   

  12  0:00  SCV  
  13  0:12  SCV  
  14  0:17  Supply Depot  
  14  0:24  SCV  
  15  0:29  Refinery  
  15  0:38  SCV  
  16  0:44  Barracks  
  16  0:50  SCV  
  17  1:02  SCV  
  18  1:15  SCV  
  19  1:31  Reaper, Orbital Command  
  20  1:42  Command Center  
  20  1:53  Factory  
  20  1:56  SCV  
  21  2:06  Barracks Reactor  
  21  2:08  SCV  
  21  2:13  Refinery, Supply Depot  
  22  2:20  SCV  
  23  2:34  SCV  
  26  2:41  Starport  
  26  2:42  Marine x2  
  26  2:46  Factory Tech Lab, SCV  
  27  2:54  Orbital Command  
  27  2:58  SCV  
  27  3:00  Marine x2  
  30  3:06  Cyclone  
  30  3:10  SCV  
  34  3:18  Marine x2, Starport Tech Lab  
  36  3:20  SCV  
  36  3:23  SCV  
  38  3:27  Supply Depot  
  38  3:34  SCV  
  39  3:35  SCV  
  39  3:36  Marine x2  
  42  3:45  Raven  
  42  3:46  SCV, Supply Depot  
  42  3:47  SCV  
  46  3:53  Marine  
  46  3:54  Marine  
  48  3:59  SCV x2  
  50  4:08  Siege Tank  
  50  4:09  Supply Depot  
  53  4:11  Marine x2, SCV x2  
  57  4:23  SCV  
  57  4:24  SCV  
  59  4:28  Banshee  
  59  4:31  Marine x2  
  64  4:32  Supply Depot  
  64  4:35  SCV  
  64  4:36  SCV  
  66  4:40  Command Center  
  66  4:50  Marine, Siege Tank  
  70  4:54  Marine, Supply Depot  
  70  4:56  SCV x2  
  73  5:01  Supply Depot  
  73  5:08  SCV  
  73  5:09  Refinery, SCV  
  73  5:10  Banshee  
  78  5:15  Marine x2  
  78  5:21  Barracks  
  80  5:29  SCV  
  80  5:30  SCV  
  80  5:32  Siege Tank  
  84  5:37  Marine x2  
  84  5:39  Barracks  
  86  5:43  SCV x2  
  86  5:45  Supply Depot, Engineering Bay  
  86  5:47  Refinery  
  88  5:52  Orbital Command  
  88  5:55  Marine x2, Banshee  
  90  6:05  SCV x2  
  90  6:07  Siege Tank  
  90  6:10  Barracks Tech Lab  
  92  6:17  SCV x2  
  93  6:22  Marine x2  
  91  6:29  Orbital Command  
  85  6:33  Marine, Barracks Tech Lab  
  85  6:35  SCV  
  85  6:36  SCV  
  90  6:40  Marine x2  
  90  6:44  Bunker  
  92  6:48  Bunker  
Show
View Real Time Build Order
Export as new Build Order

lllllllllll Protoss 

Build Orders: 1 Gate Expand, Double Forge, Oracle Opening, Blink Stalkers 

Get SALT Encoding   

  12  0:01  Probe  
  13  0:13  Probe  
  14  0:19  Pylon  
  14  0:25  Probe  
  15  0:36  Probe, Assimilator  
  16  0:43  Gateway  
  16  0:44  Probe  
  17  0:52  Probe  
  18  1:03  Probe  
  19  1:15  Probe  
  20  1:22  Nexus  
  20  1:31  Cybernetics Core  
  20  1:34  Probe  
  20  1:39  Assimilator  
  21  1:47  Probe  
  22  1:49  Pylon  
  22  1:59  Probe, Adept  
  23  2:08  Warp Gate  
  25  2:11  Probe  
  26  2:19  Twilight Council  
  26  2:23  Probe  
  26  2:28  Sentry  
  29  2:30  Probe  
  29  2:31  Probe  
  31  2:37  Blink  
  31  2:38  Probe  
  31  2:39  Probe  
  33  2:48  Probe  
  33  2:49  Probe  
  35  2:53  Oracle  
  35  3:00  Probe  
  35  3:01  Probe  
  37  3:12  Gateway x2  
  37  3:13  Probe  
  37  3:15  Probe  
  37  3:19  Stalker  
  41  3:27  Probe x2  
  41  3:28  Pylon  
  43  3:39  Probe x2  
  45  3:51  Probe x2  
  47  4:02  Forge  
  47  4:03  Forge  
  47  4:06  Probe  
  47  4:07  Nexus, Probe  
  47  4:09  Pylon  
  49  4:14  Stalker  
  51  4:17  Protoss Ground Weapons Level 1, Protoss Ground Armor Level 1  
  51  4:19  Stalker  
  53  4:27  Probe x2  
  53  4:29  Stalker  
  57  4:32  Assimilator  
  57  4:33  Pylon  
  57  4:36  Oracle  
  57  4:39  Pylon  
  57  4:40  Probe  
  58  4:48  Probe  
  57  5:01  Robotics Facility  
  57  5:02  Stalker x3  
  57  5:05  Probe x2  
  65  5:11  Charge  
  65  5:17  Probe x2  
  65  5:19  Probe  
  68  5:37  Probe x3  
  68  5:39  Gateway  
  68  5:41  Gateway  
  71  5:44  Gateway  
  71  5:47  Gateway  
  71  5:50  Gateway, Stalker x2  
  71  5:51  Stalker  
  71  5:54  Observer  
  71  5:55  Probe x3  
  81  6:00  Pylon  
  81  6:17  Zealot x3  
  87  6:25  Probe x3  
  58  6:36  Stalker  
  58  6:37  Probe x3, Stalker x3  
  58  6:38  Zealot, Stalker  
  60  6:42  Zealot  
  60  6:46  Zealot  

Tags
 
Add a new tag
Caveats
  • Supply blocks, unpowered buildings, or Contaminate may cause inaccurate times.
  • Supply counts are checked every 10 seconds.